Map: Neon Violet Square LE

Players

Côôky - Winner!

  • Race: Protoss Protoss
  • League: Diamond
  • Spawn Location: 11:00

Dessa

  • Race: Zerg Zerg
  • League: Diamond
  • Spawn Location: 5:00

VOD

Have the link to the VOD?

Description

Time

  • Played on: Jan. 18, 2018, 9:49 a.m.
  • Length: 13:16
Show
View Real Time Build Order
Export as new Build Order

Côôky Protoss - Winner!

Build Orders: 1 Gate Expand 

Get SALT Encoding   

  12  0:01  Probe  
  13  0:13  Probe  
  14  0:21  Pylon  
  14  0:25  Probe  
  15  0:39  Probe  
  16  0:45  Gateway  
  16  0:51  Probe (Chrono Boost)  
  16  0:55  Assimilator  
  17  1:02  Probe (Chrono Boost)  
  18  1:07  Probe (Chrono Boost)  
  19  1:23  Probe  
  20  1:29  Nexus  
  20  1:35  Probe  
  21  1:47  Cybernetics Core  
  21  1:48  Zealot (Chrono Boost)  
  23  2:01  Pylon  
  23  2:08  Assimilator  
  23  2:19  Probe  
  23  2:22  Warp Gate (Chrono Boost)  
  24  2:24  Adept (Chrono Boost)  
  26  2:31  Probe  
  27  2:43  Probe, Adept  
  27  2:44  Probe  
  31  2:53  Stargate  
  31  2:55  Probe  
  31  2:56  Probe  
  33  3:07  Probe  
  33  3:08  Probe  
  35  3:20  Probe x2  
  35  3:25  Stalker  
  39  3:32  Probe x2, Twilight Council  
  41  3:36  Pylon  
  41  3:44  Probe x2  
  43  3:56  Probe x2  
  43  4:01  Stalker  
  43  4:03  Oracle  
  43  4:08  Probe x2  
  48  4:10  Assimilator x2  
  48  4:17  Robotics Facility  
  48  4:20  Probe x2  
  50  4:31  Gateway  
  50  4:34  Probe x2, Gateway  
  52  4:38  Pylon  
  52  4:44  Pylon  
  52  4:45  Phoenix  
  54  4:56  Probe x2  
  56  5:04  Templar Archives  
  56  5:08  Probe  
  56  5:09  Probe  
  58  5:21  Probe x2  
  60  5:27  Observer  
  61  5:28  Charge  
  61  5:36  Psionic Storm  
  61  5:39  Nexus  
  61  5:42  Probe x2  
  63  5:43  Pylon  
  63  5:45  Pylon  
  63  5:54  Probe x2  
  65  6:06  Probe x2, Immortal (Chrono Boost)  
  65  6:08  Pylon  
  71  6:15  Assimilator  
  71  6:18  Probe x2, Forge  
  71  6:20  Assimilator  
  71  6:23  Forge  
  73  6:26  Probe x2  
  73  6:31  Gateway x2  
  75  6:36  Phoenix, Warp Prism  
  77  6:49  High Templar  
  77  6:50  High Templar x2  
  83  7:03  Photon Cannon x2  
  81  7:31  Zealot x3  
  81  7:33  Zealot x2  
  81  7:35  Probe  
  81  7:36  Probe  
  93  7:40  Gateway  
  93  7:45  Gateway  
  93  7:46  Gateway  
  93  7:47  Probe, Gateway  
  93  7:48  Probe  
  99  7:54  High Templar  
  99  7:55  High Templar x4  
  109  8:00  Protoss Ground Weapons Level 1 (Chrono Boost)  
  109  8:05  Pylon  
  109  8:08  Pylon x2  
  109  8:09  Pylon  
  109  8:10  Pylon  
  109  8:12  Pylon  
  109  8:14  Protoss Shields Level 1 (Chrono Boost)  
  109  8:17  Probe x2  
  109  8:24  Observer  
  106  8:45  High Templar x2  
  106  8:46  High Templar  
  106  8:47  Zealot  
  106  8:48  Zealot x5  
  110  9:11  Probe x2  
  112  9:23  Probe  
  112  9:24  Zealot x8  
  114  9:25  Zealot  
  114  9:30  Nexus  
  130  9:32  Assimilator  
  130  9:33  Assimilator  
  130  9:39  Gateway  
  130  9:40  Robotics Facility  
  130  9:41  Pylon  
  130  9:42  Pylon  
  122  9:46  Immortal  
  122  9:49  High Templar  
  122  9:50  High Templar x3  
  124  9:54  Zealot x4  
  124  9:55  Zealot  
  134  10:02  Pylon  
  134  10:04  Pylon  
  134  10:06  Pylon, Photon Cannon  
  134  10:10  Protoss Ground Weapons Level 2  
  134  10:14  Protoss Shields Level 2  
  134  10:24  Zealot  
  134  10:25  Zealot x2, Immortal  
  144  10:28  Probe x2  
  144  10:29  Probe  
  147  10:40  Probe  
  147  10:41  Probe x2  
  150  10:58  Zealot x3  
  150  10:59  Zealot x6  
  168  11:19  Immortal x2  
  168  11:21  Sentry  
  168  11:22  Sentry  
  168  11:23  Sentry  
  168  11:24  Sentry  
  184  11:58  Immortal x2  
  192  12:03  Zealot  
  192  12:04  Zealot x3  
  190  12:33  Observer  
  164  12:39  Zealot x6  
  164  12:40  Zealot x4  
  164  12:44  Archon x4  
Show
View Real Time Build Order
Export as new Build Order

Dessa Zerg 

Build Orders: Pool First, Lurkers 

Get SALT Encoding   

  12  0:01  Drone  
  13  0:13  Overlord  
  13  0:18  Drone  
  14  0:31  Drone x2  
  16  0:36  Drone  
  17  0:48  Spawning Pool  
  16  0:52  Drone  
  17  0:59  Drone  
  18  1:18  Hatchery  
  17  1:21  Drone  
  18  1:26  Drone, Extractor  
  18  1:32  Drone  
  19  1:39  Queen  
  21  1:43  Zergling x2  
  22  1:56  Overlord  
  22  2:16  Queen  
  22  2:22  Drone  
  25  2:23  Drone  
  25  2:28  Metabolic Boost  
  25  2:29  Drone  
  27  2:31  Queen  
  27  2:32  Drone  
  30  2:42  Drone  
  30  2:43  Drone  
  32  2:45  Overlord  
  32  2:50  Drone  
  33  3:00  Drone  
  33  3:02  Drone x2  
  36  3:08  Overlord  
  35  3:20  Zergling x2  
  35  3:21  Hatchery  
  35  3:23  Zergling x2  
  36  3:32  Drone, Roach Warren  
  37  3:34  Drone  
  34  4:00  Drone x8  
  40  4:09  Overlord  
  40  4:12  Lair  
  40  4:14  Drone  
  40  4:15  Drone x3, Extractor  
  43  4:21  Pneumatized Carapace  
  43  4:28  Drone x2  
  43  4:31  Drone x2, Extractor x2  
  45  4:41  Zergling x2  
  45  4:42  Zergling x10  
  51  4:52  Drone x2, Evolution Chamber  
  52  4:53  Evolution Chamber  
  52  4:54  Drone  
  52  4:55  Drone  
  53  5:06  Queen  
  55  5:08  Drone x2  
  53  5:15  Drone x4  
  53  5:17  Drone  
  53  5:18  Spore Crawler  
  53  5:19  Overlord  
  57  5:35  Overlord  
  57  5:44  Drone x5  
  57  5:48  Drone x3, Hydralisk Den  
  57  5:49  Drone  
  65  5:50  Zerg Missile Weapons Level 1  
  65  5:53  Zerg Ground Armor Level 1  
  65  6:10  Roach  
  65  6:11  Roach x3  
  73  6:19  Overlord x2  
  73  6:25  Muscular Augments  
  73  6:37  Hatchery  
  73  6:39  Drone x4  
  76  6:40  Drone x2  
  76  6:41  Drone x2  
  76  6:42  Drone  
  76  6:43  Drone x2  
  76  6:45  Extractor  
  76  6:46  Extractor  
  81  6:51  Hydralisk x4  
  89  6:56  Overlord  
  89  6:58  Overlord  
  89  7:17  Overlord  
  89  7:28  Zergling x4, Hydralisk  
  89  7:29  Zergling x4, Hydralisk x3  
  98  7:30  Zergling x4, Hydralisk  
  98  7:31  Overlord x2  
  104  7:42  Glial Reconstitution  
  104  7:46  Hydralisk  
  104  7:47  Zergling x6, Hydralisk x2  
  104  7:48  Zergling x2  
  114  7:51  Drone x2  
  114  7:52  Drone  
  114  7:53  Queen  
  119  8:06  Overseer  
  119  8:07  Hatchery  
  115  8:24  Baneling Nest  
  112  8:32  Zergling x4  
  98  8:44  Zergling x4, Hydralisk x3  
  98  8:45  Roach x3, Hydralisk  
  109  9:00  Zergling x6  
  92  9:07  Zergling x2  
  92  9:08  Zergling x18, Hydralisk  
  104  9:19  Infestation Pit  
  103  9:24  Zerg Missile Weapons Level 2  
  103  9:25  Zerg Ground Armor Level 2  
  103  9:26  Lurker Den  
  103  9:30  Baneling x9  
  103  9:31  Baneling x3, Centrifical Hooks  
  102  9:35  Drone x2  
  102  9:36  Drone  
  98  9:47  Zergling x8  
  98  9:48  Zergling x14  
  98  9:49  Zergling x10, Queen  
  115  10:07  Drone  
  115  10:08  Drone x2  
  115  10:09  Drone  
  115  10:11  Baneling  
  115  10:12  Baneling x5, Hydralisk x6  
  115  10:13  Hydralisk x3  
  137  10:15  Extractor x2  
  137  10:18  Spine Crawler  
  137  10:19  Spine Crawler x2  
  137  10:20  Drone x4, Spine Crawler  
  135  10:25  Drone x3  
  138  10:42  Hive  
  138  10:48  Overlord  
  138  11:01  Drone x3  
  138  11:03  Overlord x2  
  141  11:14  Lurker  
  141  11:18  Lurker x7  
  147  11:19  Overlord x2  
  149  11:38  Drone x2  
  149  11:39  Drone, Overlord  
  150  12:00  Hydralisk x2  
  150  12:01  Hydralisk x9  
  147  12:02  Hydralisk  
  160  12:27  Hydralisk x2  
  160  12:28  Hydralisk x7  
  126  12:44  Lurker x4  
  126  12:45  Lurker x2  
  126  12:46  Hydralisk x6, Lurker  
  126  12:47  Hydralisk x6  
  126  12:49  Zergling x4  
  158  12:52  Roach  
Tags
 
Add a new tag
Caveats
  • Supply blocks, unpowered buildings, or Contaminate may cause inaccurate times.
  • Supply counts are checked every 10 seconds.